[Event "Turkish Cup 2024"]
[Site "Denizli"]
[Date "2024.08.05"]
[Round "10"]
[White "Ilgaz, Yusuf Kerem"]
[Black "Sevig, Mert Can"]
[Result "1/2-1/2"]
[ECO "B36"]
[WhiteElo "2006"]
[BlackElo "1818"]
[Annotator "NA RC"]
[PlyCount "150"]
[EventDate "2024.08.01"]
[EventType "swiss"]
[EventCountry "TUR"]
[SourceTitle "playchess.com"]
[Source "ChessBase"]
[SourceQuality "1"]
[TimeControl "5400+30"]

1. e4 c5 2. Nf3 g6 3. d4 cxd4 4. Nxd4 Nc6 5. c4 Nf6 6. Nc3 d6 7. Be2 Nxd4 8. Qxd4 Bg7 9. O-O O-O 10. Qd3 a5 11. Be3 Bd7 12. Bd4 Bc6 13. Rfe1 Nd7 14. Bxg7 Kxg7 15. Bf1 Qb6 16. b3 Rfe8 17. Nd5 Bxd5 18. exd5 Ne5 19. Qc3 Qb4 20. Qd4 Kg8 21. Re3 b6 22. a3 Qc5 23. Qd2 Qc7 24. Re4 Qc8 25. Rae1 Qf5 26. h3 Qf6 27. Qd4 Qg5 28. R4e3 Qf6 29. Re4 Qg5 30. Kh1 Nd7 31. h4 Qf6 32. Qxf6 Nxf6 33. Rxe7 Kf8 34. Rxe8+ Rxe8 35. Rxe8+ Kxe8 36. Bd3 Nd7 37. Kg1 Ne5 38. Be2 Ke7 39. f4 Nd7 40. Bd3 Nc5 41. Bc2 f5 42. Kf2 Kf6 43. Ke3 h5 44. Kd4 Na6 45. Kc3 Ke7 46. b4 axb4+ 47. axb4 Kd8 48. Ba4 Ke7 49. Bb5 Nc7 50. Bc6 Na6 51. Bb7 Nc7 52. Kd4 Ne8 53. Bc6 Nf6 54. Ba4 Ne4 55. Bc2 Nf6 56. Kc3 Ng4 57. Bd1 Nf6 58. Bf3 Ne8 59. Kd4 Nf6 60. Bd1 Ne8 61. Ba4 Nf6 62. c5 bxc5+ 63. bxc5 dxc5+ 64. Kxc5 Ne4+ 65. Kc6 Nd6 66. Kc7 Ne4 67. Bd7 Nd6 68. Be6 Nb5+ 69. Kb6 Nd4 70. Bg8 Kd6 71. Bf7 Ne2 72. Bxg6 Nxf4 73. Bxf5 Nxg2 74. Bg6 Nxh4 75. Bxh5 Kxd5 1/2-1/2

[Event "Turkish Cup 2024"]
[Site "Denizli"]
[Date "2024.08.05"]
[Round "10"]
[White "Akbas, Kaan"]
[Black "Seker, Cinar"]
[Result "1/2-1/2"]
[ECO "D02"]
[WhiteElo "1990"]
[BlackElo "1815"]
[Annotator "NA RC"]
[PlyCount "93"]
[EventDate "2024.08.01"]
[EventType "swiss"]
[EventCountry "TUR"]
[SourceTitle "playchess.com"]
[Source "ChessBase"]
[SourceQuality "1"]
[TimeControl "5400+30"]

1. d4 d5 2. Nf3 Nf6 3. Bf4 Bf5 4. e3 c6 5. Nbd2 e6 6. Bd3 Nh5 7. Bg5 Be7 8. h4 f6 9. Ne5 g6 10. g4 fxe5 11. gxf5 exf5 12. dxe5 Bxg5 13. hxg5 Ng7 14. f4 Ne6 15. Bxf5 gxf5 16. Qh5+ Kd7 17. Qf7+ Qe7 18. Qxf5 Na6 19. Rh6 Raf8 20. Qg4 Nac7 21. O-O-O Kc8 22. Rdh1 Rfg8 23. g6 Qg7 24. f5 hxg6 25. Rxh8 Rxh8 26. Rxh8+ Qxh8 27. fxe6 Qh1+ 28. Qd1 Qxd1+ 29. Kxd1 Nxe6 30. Ke2 Kd7 31. Kf3 Ng5+ 32. Kf4 Nf7 33. Nb3 b6 34. Nd4 Nd8 35. Kg5 c5 36. Nb5 Ke6 37. Nxa7 Nf7+ 38. Kf4 g5+ 39. Kg4 Nxe5+ 40. Kxg5 Nc4 41. Kf4 Nxb2 42. Nb5 Nc4 43. Kf3 Kd7 44. Ke2 Kc6 45. Na7+ Kb7 46. Nb5 Kc6 47. Na7+ 1/2-1/2

[Event "Turkish Cup 2024"]
[Site "Denizli"]
[Date "2024.08.05"]
[Round "10"]
[White "Ekinci, Berkay"]
[Black "Sahin, Ata Sarp"]
[Result "1-0"]
[ECO "E21"]
[WhiteElo "1976"]
[BlackElo "1996"]
[Annotator "NA RC"]
[PlyCount "69"]
[EventDate "2024.08.01"]
[EventType "swiss"]
[EventCountry "TUR"]
[SourceTitle "playchess.com"]
[Source "ChessBase"]
[SourceQuality "1"]
[TimeControl "5400+30"]

1. d4 Nf6 2. c4 e6 3. Nc3 Bb4 4. Nf3 O-O 5. Bg5 c5 6. Rc1 h6 7. Bxf6 Qxf6 8. a3 Bxc3+ 9. Rxc3 b6 10. dxc5 bxc5 11. g3 Nc6 12. Bg2 Rb8 13. Qd2 Ba6 14. O-O Qe7 15. Rd1 Rfd8 16. Qc2 Rb6 17. e3 Rdb8 18. b3 Na5 19. Nd2 Bb7 20. Bxb7 R8xb7 21. Rd3 Nc6 22. f4 e5 23. Qc3 exf4 24. gxf4 Qh4 25. Kh1 Qf2 26. Rg1 f6 27. Qc1 Qe2 28. Qc3 Nd8 29. e4 Kh7 30. Rdg3 d6 31. e5 dxe5 32. R3g2 Qh5 33. Qd3+ e4 34. Qxd8 e3 35. Qd3+ 1-0

[Event "Turkish Cup 2024"]
[Site "Denizli"]
[Date "2024.08.05"]
[Round "10"]
[White "Dargali, Hakan"]
[Black "Demirag, Batuhan"]
[Result "1-0"]
[ECO "B07"]
[WhiteElo "1973"]
[BlackElo "1912"]
[Annotator "NA RC"]
[PlyCount "163"]
[EventDate "2024.08.01"]
[EventType "swiss"]
[EventCountry "TUR"]
[SourceTitle "playchess.com"]
[Source "ChessBase"]
[SourceQuality "1"]
[TimeControl "5400+30"]

1. e4 d6 2. d4 Nf6 3. f3 e5 4. dxe5 dxe5 5. Qxd8+ Kxd8 6. Be3 Be6 7. Nd2 Nbd7 8. Bc4 Bd6 9. g4 h6 10. Ne2 Ke7 11. Ng3 Nb6 12. Be2 Nfd7 13. Nf5+ Bxf5 14. gxf5 Bc5 15. Kf2 Rad8 16. Rhg1 Kf6 17. Nf1 g6 18. fxg6 fxg6 19. Rd1 h5 20. b4 Bxe3+ 21. Nxe3 Nb8 22. c4 c6 23. c5 Na8 24. Nc4 Nc7 25. Na5 b6 26. Nb7 Rd4 27. Rxd4 exd4 28. e5+ Kxe5 29. Rxg6 d3 30. Bxd3 Kd4 31. Be4 Kc3 32. cxb6 axb6 33. Bxc6 Kxb4 34. Be4 b5 35. f4 Ka3 36. f5 Kxa2 37. f6 Nd7 38. Nd6 Ne5 39. Rg7 Ng4+ 40. Ke2 Nxf6 41. Rxc7 Nxe4 42. Ra7+ Kb3 43. Nxe4 Rg8 44. h3 Kc4 45. Ke3 Rg1 46. Rh7 Re1+ 47. Kf3 Kd4 48. Rd7+ Ke5 49. Nc3 Rf1+ 50. Kg2 Rc1 51. Nxb5 Kf4 52. Nd4 Ra1 53. Re7 Ra2+ 54. Ne2+ Kg5 55. Re5+ Kh4 56. Re4+ Kg5 57. Kf3 Ra3+ 58. Re3 Ra4 59. Ng3 Kh4 60. Kg2 Ra2+ 61. Re2 Ra4 62. Kh2 Rb4 63. Nh1 Ra4 64. Nf2 Rb4 65. Nd3 Ra4 66. Rb2 Kg5 67. Rb5+ Kh6 68. Rd5 Rc4 69. Kg3 Rc3 70. Kf4 Rc4+ 71. Kf5 Ra4 72. Nf4 Ra1 73. Rd6+ Kh7 74. Kg5 Rg1+ 75. Kxh5 Ra1 76. Rd7+ Kg8 77. h4 Ra6 78. Kg4 Rg6+ 79. Kf5 Ra6 80. Ne6 Kh8 81. h5 Ra1 82. Kg6 1-0

[Event "Turkish Cup 2024"]
[Site "Denizli"]
[Date "2024.08.05"]
[Round "10"]
[White "Cicek, Bilal Emre"]
[Black "Arslan, Levent"]
[Result "1-0"]
[ECO "A21"]
[WhiteElo "1963"]
[BlackElo "1778"]
[Annotator "NA RC"]
[PlyCount "79"]
[EventDate "2024.08.01"]
[EventType "swiss"]
[EventCountry "TUR"]
[SourceTitle "playchess.com"]
[Source "ChessBase"]
[SourceQuality "1"]
[TimeControl "5400+30"]

1. c4 e5 2. g3 d6 3. Bg2 f5 4. Nc3 Nf6 5. e3 Be7 6. Nge2 O-O 7. O-O c6 8. b4 d5 9. cxd5 cxd5 10. Qb3 Be6 11. f4 e4 12. Nd4 Bf7 13. Na4 Nc6 14. Bb2 Nxd4 15. Bxd4 b6 16. Rfc1 Qd7 17. Bf1 Ne8 18. Nc3 Nd6 19. a4 Nc4 20. Bxc4 dxc4 21. Qb2 Be6 22. b5 g5 23. Ne2 g4 24. a5 Qb7 25. Ra4 Bd8 26. axb6 Bxb6 27. Rca1 Bxd4 28. Nxd4 Bd5 29. Ra6 Qg7 30. Qa3 c3 31. dxc3 Qc7 32. Qd6 Qc4 33. R6a4 Rad8 34. Qxf8+ Rxf8 35. Rxc4 Bxc4 36. Rxa7 Rf6 37. Ra6 Rf7 38. Ra4 Bd3 39. b6 Rb7 40. Ra8+ 1-0

[Event "Turkish Cup 2024"]
[Site "Denizli"]
[Date "2024.08.05"]
[Round "10"]
[White "Yildiz, Talat"]
[Black "Bulgurlu, Okan"]
[Result "1-0"]
[ECO "B01"]
[WhiteElo "1956"]
[BlackElo "1964"]
[Annotator "NA RC"]
[PlyCount "43"]
[EventDate "2024.08.01"]
[EventType "swiss"]
[EventCountry "TUR"]
[SourceTitle "playchess.com"]
[Source "ChessBase"]
[SourceQuality "1"]
[TimeControl "5400+30"]

1. e4 d5 2. exd5 Qxd5 3. Nc3 Qd6 4. d4 c6 5. Nf3 Bg4 6. h3 Bxf3 7. Qxf3 Qxd4 8. Be3 Qf6 9. Qg3 Qd6 10. Bf4 Qe6+ 11. Be2 Nd7 12. O-O-O Qg6 13. Qe3 e6 14. Rxd7 Kxd7 15. Rd1+ Ke8 16. Nb5 Be7 17. Nc7+ Kf8 18. Nxa8 Nf6 19. Qxa7 Qe4 20. Qb8+ Ne8 21. Bf3 Qa4 22. Nb6 1-0

[Event "Turkish Cup 2024"]
[Site "Denizli"]
[Date "2024.08.05"]
[Round "10"]
[White "Hatirli, Ugur Can"]
[Black "Celik, Ege Yigit"]
[Result "1-0"]
[ECO "E19"]
[WhiteElo "1948"]
[BlackElo "1949"]
[Annotator "NA RC"]
[PlyCount "93"]
[EventDate "2024.08.01"]
[EventType "swiss"]
[EventCountry "TUR"]
[SourceTitle "playchess.com"]
[Source "ChessBase"]
[SourceQuality "1"]
[TimeControl "5400+30"]

1. d4 Nf6 2. Nf3 e6 3. g3 b6 4. Bg2 Bb7 5. O-O Be7 6. c4 O-O 7. Nc3 Ne4 8. Qc2 Nxc3 9. Qxc3 d6 10. Rd1 f5 11. Qe3 Qc8 12. Bd2 Bf6 13. Bc3 Be4 14. h4 Qe8 15. Ne1 Bxg2 16. Nxg2 Nc6 17. d5 Nd8 18. dxe6 Nxe6 19. Bxf6 Rxf6 20. Qf3 a5 21. Rd5 Qf8 22. e3 Re8 23. Rad1 g6 24. R5d2 Qe7 25. Qc6 h6 26. Qd5 Qf7 27. a3 Nc5 28. b4 Qxd5 29. cxd5 Na6 30. Rd4 axb4 31. axb4 g5 32. Ra1 Nb8 33. Ra8 Kf8 34. Rc4 Rc8 35. hxg5 hxg5 36. Ne1 b5 37. Rc3 Ke7 38. Nf3 Rff8 39. Ra7 Kf6 40. Rcxc7 Rxc7 41. Rxc7 Na6 42. Rc6 Nxb4 43. Rxd6+ Ke7 44. Re6+ Kd7 45. Ne5+ Kc7 46. d6+ Kd8 47. Re7 1-0

[Event "Turkish Cup 2024"]
[Site "Denizli"]
[Date "2024.08.05"]
[Round "10"]
[White "Yardimci, Can"]
[Black "Sozat, Arda"]
[Result "1-0"]
[ECO "B43"]
[WhiteElo "1930"]
[BlackElo "1836"]
[Annotator "NA RC"]
[PlyCount "71"]
[EventDate "2024.08.01"]
[EventType "swiss"]
[EventCountry "TUR"]
[SourceTitle "playchess.com"]
[Source "ChessBase"]
[SourceQuality "1"]
[TimeControl "5400+30"]

1. e4 c5 2. Nf3 e6 3. d4 cxd4 4. Nxd4 a6 5. Nc3 b5 6. Bd3 Bb7 7. O-O Nc6 8. Nxc6 Bxc6 9. Re1 Ne7 10. Qg4 b4 11. Ne2 Ng6 12. Nd4 h5 13. Qe2 Bc5 14. Nxc6 dxc6 15. e5 Ne7 16. Bxa6 Bxf2+ 17. Qxf2 Rxa6 18. Be3 Nd5 19. Bc5 h4 20. a3 Qa8 21. Rf1 f5 22. exf6 gxf6 23. Rae1 Kf7 24. axb4 h3 25. g3 Rh5 26. Qe2 Rg5 27. Qxe6+ Kg6 28. c4 Qb8 29. cxd5 Rxg3+ 30. Kh1 cxd5 31. Rxf6+ Kg7 32. Qf7+ Kh8 33. Re8+ Qxe8 34. Qxe8+ Rg8 35. Qh5+ Kg7 36. Qh6# 1-0

[Event "Turkish Cup 2024"]
[Site "Denizli"]
[Date "2024.08.05"]
[Round "10"]
[White "Tirpan, Ceren"]
[Black "Yasin, Hur"]
[Result "1-0"]
[ECO "E17"]
[WhiteElo "1926"]
[BlackElo "1879"]
[Annotator "NA RC"]
[PlyCount "117"]
[EventDate "2024.08.01"]
[EventType "swiss"]
[EventCountry "TUR"]
[SourceTitle "playchess.com"]
[Source "ChessBase"]
[SourceQuality "1"]
[TimeControl "5400+30"]

1. c4 e6 2. g3 d5 3. Bg2 Nf6 4. Nf3 Be7 5. O-O O-O 6. b3 b6 7. Bb2 Bb7 8. cxd5 Bxd5 9. Nc3 Bb7 10. d4 c5 11. dxc5 Bxc5 12. Qc2 Nbd7 13. Rad1 Qc7 14. Qb1 Rac8 15. Nb5 Qb8 16. Ng5 Rfd8 17. Bxb7 Qxb7 18. Nd6 Bxd6 19. Rxd6 h6 20. Nf3 Qc7 21. Rd2 Nc5 22. Rc2 Qb7 23. Rfc1 Nce4 24. Nd4 Rxc2 25. Qxc2 Nd6 26. Qc7 Qxc7 27. Rxc7 Rd7 28. Rxd7 Nxd7 29. f3 a5 30. Ba3 Nb7 31. Kf2 g6 32. Ke3 Nbc5 33. Nc6 a4 34. Bxc5 Nxc5 35. b4 Nb7 36. Ne7+ Kf8 37. Nc8 b5 38. Kd4 Ke8 39. Na7 Kd7 40. Nxb5 Kc6 41. Nc3 Nd6 42. a3 f6 43. f4 g5 44. e4 gxf4 45. gxf4 Nf7 46. Nxa4 e5+ 47. fxe5 Nxe5 48. h3 Nf3+ 49. Ke3 Ne1 50. Nc3 Nc2+ 51. Kf4 Nxa3 52. Kf5 Nc4 53. Kxf6 Kd6 54. Nb5+ Kd7 55. e5 Kc6 56. Nc3 Kd7 57. e6+ Ke8 58. Ne4 Kd8 59. b5 1-0

[Event "Turkish Cup 2024"]
[Site "Denizli"]
[Date "2024.08.05"]
[Round "10"]
[White "Cetindag, Alper"]
[Black "Celebi, Mehmet Alper"]
[Result "1/2-1/2"]
[ECO "B45"]
[WhiteElo "1923"]
[BlackElo "1998"]
[Annotator "NA RC"]
[PlyCount "68"]
[EventDate "2024.08.01"]
[EventType "swiss"]
[EventCountry "TUR"]
[SourceTitle "playchess.com"]
[Source "ChessBase"]
[SourceQuality "1"]
[TimeControl "5400+30"]

1. e4 c5 2. Nf3 e6 3. d4 cxd4 4. Nxd4 Nf6 5. Nc3 Nc6 6. Ndb5 Bb4 7. a3 Bxc3+ 8. Nxc3 d5 9. exd5 exd5 10. Bd3 O-O 11. O-O h6 12. Bf4 Be6 13. Re1 a6 14. Qd2 Ne7 15. Rad1 Re8 16. h3 Qb6 17. Be5 Nd7 18. Bd4 Qd6 19. Be3 Ne5 20. Bf4 f6 21. Qe2 N7c6 22. Bg6 Red8 23. Be4 Qc5 24. Bf3 Kh8 25. Na4 Qa7 26. b4 Nd4 27. Rxd4 Qxd4 28. Bxe5 fxe5 29. Qxe5 Qxe5 30. Rxe5 Bg8 31. Nb6 Re8 32. Rxe8 Rxe8 33. Nxd5 Bh7 34. Ne3 Be4 1/2-1/2

[Event "Turkish Cup 2024"]
[Site "Denizli"]
[Date "2024.08.05"]
[Round "10"]
[White "Tahaoglu, Erkin"]
[Black "Zumrut, Cihan"]
[Result "1/2-1/2"]
[ECO "B12"]
[WhiteElo "1916"]
[BlackElo "1707"]
[Annotator "NA COMBH RC"]
[PlyCount "89"]
[EventDate "2024.08.01"]
[EventType "swiss"]
[EventCountry "TUR"]
[SourceTitle "playchess.com"]
[Source "ChessBase"]
[SourceQuality "1"]
[TimeControl "5400+30"]

1. d4 d6 2. e4 c6 3. Nf3 Qc7 4. Bd3 e5 5. c3 Nf6 6. O-O Be7 7. Re1 O-O 8. Nbd2 Nbd7 9. a4 a6 10. a5 Re8 11. dxe5 dxe5 12. b4 Nf8 13. Qb3 Be6 14. Bc4 Rad8 15. Ng5 Bxc4 16. Nxc4 Bd6 17. Be3 Qe7 18. Nxd6 Rxd6 19. Bc5 Ne6 20. Bxd6 Qxd6 21. Rad1 Qc7 22. Nxe6 Rxe6 23. Rd3 g6 24. Red1 Qe7 25. Qc2 Kg7 26. f3 c5 27. Qd2 Qc7 28. Rd6 Re7 29. Rd8 cxb4 30. cxb4 Qc4 31. Qd6 Qc7 32. Qxc7 Rxc7 33. R8d6 h5 34. h4 Re7 35. Rb6 Ne8 36. Rd8 Nf6 37. Rb8 Rc7 38. R8xb7 Rc1+ 39. Kh2 Nh7 40. Rxa6 g5 41. Raa7 Kg6 42. Rxf7 Nf6 43. Rxf6+ Kxf6 44. Ra6+ Kf7 {[%emt 0:00:30] Check Result:26.62} 45. hxg5 1/2-1/2

[Event "Turkish Cup 2024"]
[Site "Denizli"]
[Date "2024.08.05"]
[Round "10"]
[White "Kilic, Ihsan"]
[Black "Selvi, Kaan"]
[Result "1/2-1/2"]
[ECO "A29"]
[WhiteElo "1911"]
[BlackElo "1863"]
[Annotator "NA RC"]
[PlyCount "129"]
[EventDate "2024.08.01"]
[EventType "swiss"]
[EventCountry "TUR"]
[SourceTitle "playchess.com"]
[Source "ChessBase"]
[SourceQuality "1"]
[TimeControl "5400+30"]

1. g3 Nf6 2. Bg2 e5 3. c4 Nc6 4. Nc3 Bb4 5. Nf3 O-O 6. Nd5 Nxd5 7. cxd5 Nd4 8. Nxd4 exd4 9. O-O c6 10. a3 Be7 11. b4 Qb6 12. Rb1 d6 13. d3 cxd5 14. Bxd5 Bh3 15. Re1 Bf6 16. a4 Rfe8 17. Bd2 Re5 18. Bf3 Bg5 19. Bxg5 Rxg5 20. Qd2 Re5 21. Rec1 Bd7 22. a5 Qb5 23. Rc4 Bc6 24. Bxc6 bxc6 25. Rxd4 c5 26. Rc4 Rae8 27. e4 cxb4 28. Rcxb4 Qxa5 29. Qb2 h6 30. Ra1 Qd8 31. Rxa7 Ra5 32. Rab7 Ra8 33. R4b5 Qf6 34. Qxf6 gxf6 35. Rd5 Ra6 36. Rd7 Re6 37. Kg2 Kf8 38. Rd8+ Ke7 39. Rh8 Re5 40. Rd4 h5 41. f4 Rb5 42. Kf3 Ra2 43. h4 Rd2 44. f5 Rb1 45. Ra4 Rxd3+ 46. Ke2 Rdb3 47. Ra7+ Rb7 48. Rxb7+ Rxb7 49. Rxh5 Rb3 50. Rh8 Rxg3 51. Kf2 Rh3 52. Rh6 Ra3 53. h5 d5 54. exd5 Rd3 55. d6+ Rxd6 56. Ke3 Kf8 57. Rh8+ Kg7 58. Ra8 Rd1 59. Kf4 Rd4+ 60. Kg3 Rd1 61. Ra6 Rg1+ 62. Kh4 Rh1+ 63. Kg4 Rg1+ 64. Kh4 Rf1 65. Kg4 1/2-1/2

[Event "Turkish Cup 2024"]
[Site "Denizli"]
[Date "2024.08.05"]
[Round "10"]
[White "Kilic, Nurullah"]
[Black "Gunal, Yusuf Kursat"]
[Result "1/2-1/2"]
[ECO "B49"]
[WhiteElo "1907"]
[BlackElo "1773"]
[Annotator "NA RC"]
[PlyCount "47"]
[EventDate "2024.08.01"]
[EventType "swiss"]
[EventCountry "TUR"]
[SourceTitle "playchess.com"]
[Source "ChessBase"]
[SourceQuality "1"]
[TimeControl "5400+30"]

1. e4 c5 2. Nf3 e6 3. d4 cxd4 4. Nxd4 Nf6 5. Nc3 Nc6 6. Be2 Qc7 7. O-O a6 8. Be3 b5 9. a3 Bb7 10. f4 d6 11. Bf3 Nxd4 12. Bxd4 e5 13. Be3 Be7 14. Kh1 O-O 15. a4 b4 16. Na2 a5 17. c3 b3 18. Qxb3 Bxe4 19. Bxe4 Nxe4 20. Qd5 Nf6 21. Qd2 Ne4 22. Qd5 Nf6 23. Qd2 Ne4 24. Qd5 1/2-1/2

[Event "Turkish Cup 2024"]
[Site "Denizli"]
[Date "2024.08.05"]
[Round "10"]
[White "Topal, Hasan Gokmen"]
[Black "Topuz, Mirac Melih"]
[Result "0-1"]
[ECO "B23"]
[WhiteElo "1905"]
[BlackElo "2148"]
[Annotator "NA RC"]
[PlyCount "74"]
[EventDate "2024.08.01"]
[EventType "swiss"]
[EventCountry "TUR"]
[SourceTitle "playchess.com"]
[Source "ChessBase"]
[SourceQuality "1"]
[TimeControl "5400+30"]

1. e4 c5 2. Nc3 d6 3. d4 cxd4 4. Qxd4 Nc6 5. Qd2 g6 6. b3 Bh6 7. f4 Nf6 8. Bb2 O-O 9. O-O-O e5 10. g3 Re8 11. Bg2 exf4 12. gxf4 Bg4 13. Rf1 Rc8 14. Kb1 Qa5 15. Qxd6 Nb4 16. a3 Nxc2 17. Kxc2 Nxe4 18. Bxe4 Bg7 19. Qb4 Qxb4 20. axb4 Rxe4 21. Nf3 Bxc3 22. Kd3 Rxb4 23. Bxc3 Rxb3 24. Rc1 Bxf3 25. Rhe1 Bg4 26. Kd2 Be6 27. h4 Rd8+ 28. Ke2 Rb6 29. Be5 f6 30. Ba1 Kf7 31. Kf2 Rb4 32. Ke3 Rd7 33. Rc5 Rb3+ 34. Kf2 Rh3 35. h5 Rd2+ 36. Kg1 Rg3+ 37. Kh1 Bd5+ 0-1

[Event "Turkish Cup 2024"]
[Site "Denizli"]
[Date "2024.08.05"]
[Round "10"]
[White "Konusoglu, Kemal Safa"]
[Black "Turgut, Hakan"]
[Result "0-1"]
[ECO "B28"]
[WhiteElo "1904"]
[BlackElo "2052"]
[Annotator "NA RC"]
[PlyCount "146"]
[EventDate "2024.08.01"]
[EventType "swiss"]
[EventCountry "TUR"]
[SourceTitle "playchess.com"]
[Source "ChessBase"]
[SourceQuality "1"]
[TimeControl "5400+30"]

1. e4 c5 2. Nc3 a6 3. Nf3 b5 4. d3 Bb7 5. Be2 d6 6. O-O Nd7 7. a4 b4 8. Nb1 g6 9. Nbd2 Bg7 10. Re1 Ngf6 11. Bf1 O-O 12. a5 Ne8 13. Nc4 Nc7 14. g3 d5 15. exd5 Bxd5 16. Bg2 Re8 17. Nfd2 Bxg2 18. Kxg2 Ne6 19. Nb3 Qc7 20. Qe2 Nf6 21. Ne5 Rad8 22. Kg1 Qd6 23. Nc4 Qd5 24. Be3 Qf5 25. Bd2 h5 26. Kg2 h4 27. Ne3 Qe5 28. Nc4 Qd5+ 29. Kg1 Qf5 30. Ne3 Qe5 31. Nc4 Qd5 32. Qf1 Nh7 33. Qg2 hxg3 34. hxg3 Qh5 35. Qh1 Qf5 36. Qe4 Qf6 37. Qe5 Qf3 38. Qe2 Nhg5 39. Bxg5 Nxg5 40. Nbd2 Qf5 41. Ne3 Qh3 42. Rab1 Rd4 43. Nf3 Nxf3+ 44. Qxf3 Qd7 45. Nc4 b3 46. Nb6 Qb5 47. cxb3 Rxd3 48. Qb7 Bd4 49. Kg2 Rd2 50. Rf1 Re2 51. Qf3 Re6 52. Nc4 Rf6 53. Qd3 Qb7+ 54. f3 Qb5 55. Rbe1 e6 56. Re4 Rf5 57. Rh4 Rd5 58. Qc2 Rb8 59. Nb6 Re5 60. Nc4 Rd5 61. Nb6 Rdd8 62. Ra1 Bg7 63. Rc4 Bd4 64. Kh3 Rd6 65. Qd3 Rbd8 66. Qc2 Qc6 67. Qe4 Qb5 68. Qc2 Kg7 69. Na4 Rd5 70. Nc3 Rh5+ 71. Kg2 Qb7 72. Qe4 Qxb3 73. Qe2 Rdh8 0-1

[Event "Turkish Cup 2024"]
[Site "Denizli"]
[Date "2024.08.05"]
[Round "10"]
[White "Tokat, Nehir"]
[Black "Girgin, Muhammed Furkan"]
[Result "1-0"]
[ECO "A45"]
[WhiteElo "1892"]
[BlackElo "1757"]
[Annotator "NA RC"]
[PlyCount "73"]
[EventDate "2024.08.01"]
[EventType "swiss"]
[EventCountry "TUR"]
[SourceTitle "playchess.com"]
[Source "ChessBase"]
[SourceQuality "1"]
[TimeControl "5400+30"]

1. d4 Nf6 2. Bg5 Ne4 3. Bf4 d5 4. Nd2 Nf6 5. Ngf3 e6 6. h3 Bd6 7. Bxd6 cxd6 8. e3 O-O 9. c4 dxc4 10. Bxc4 b6 11. O-O Bb7 12. Qe2 Nbd7 13. Rac1 Rc8 14. Bd3 Rxc1 15. Rxc1 Qb8 16. e4 Rc8 17. Re1 e5 18. Qe3 Re8 19. d5 Rc8 20. Nh4 g6 21. Qg5 Kh8 22. g3 Rc5 23. f4 Ng8 24. Nhf3 f6 25. Qg4 Bc8 26. f5 g5 27. h4 h6 28. Kf2 Nf8 29. Rh1 Kg7 30. Be2 Rc2 31. hxg5 fxg5 32. Nxg5 Kf6 33. Nh7+ Nxh7 34. Qxg8 Rxd2 35. Rxh6+ Ke7 36. Rxh7+ Kf6 37. Qg6# 1-0

[Event "Turkish Cup 2024"]
[Site "Denizli"]
[Date "2024.08.05"]
[Round "10"]
[White "Demirci, Fatih"]
[Black "Ozturk, Baran"]
[Result "0-1"]
[ECO "B23"]
[WhiteElo "1885"]
[BlackElo "1701"]
[Annotator "NA RC"]
[PlyCount "92"]
[EventDate "2024.08.01"]
[EventType "swiss"]
[EventCountry "TUR"]
[SourceTitle "playchess.com"]
[Source "ChessBase"]
[SourceQuality "1"]
[TimeControl "5400+30"]

1. e4 c5 2. Nc3 a6 3. f4 b5 4. Nf3 Bb7 5. d3 e6 6. Be2 d5 7. e5 Ne7 8. O-O Nbc6 9. Be3 Nf5 10. Bf2 h5 11. Nb1 Be7 12. Nbd2 d4 13. a3 g5 14. fxg5 Qd5 15. Ne4 Nxe5 16. Nxe5 Qxe5 17. Bf3 O-O-O 18. Re1 Qc7 19. a4 b4 20. c3 dxc3 21. bxc3 bxc3 22. Rb1 Nd4 23. Bxd4 Rxd4 24. Nd6+ Qxd6 25. Rxb7 Rb4 26. Ra7 Bxg5 27. Ra8+ Rb8 28. Qb3 Qd4+ 29. Kh1 Qb4 30. Rxb8+ Kxb8 31. Qc2 Kc7 32. Rb1 Qa3 33. Qe2 Kd6 34. h4 Bf4 35. Qe4 Bg3 36. d4 Rb8 37. dxc5+ Ke7 38. Bxh5 Rxb1+ 39. Qxb1 Qb2 40. Qf1 f5 41. Qd3 c2 42. Qxg3 c1=Q+ 43. Kh2 Qxc5 44. Kh3 Qa1 45. Qg5+ Kd7 46. Qg7+ Qxg7 0-1

[Event "Turkish Cup 2024"]
[Site "Denizli"]
[Date "2024.08.05"]
[Round "10"]
[White "Karaca, Yigit"]
[Black "Bozdag, Armagan Emre"]
[Result "1-0"]
[ECO "A45"]
[WhiteElo "1879"]
[BlackElo "1794"]
[Annotator "NA RC"]
[PlyCount "69"]
[EventDate "2024.08.01"]
[EventType "swiss"]
[EventCountry "TUR"]
[SourceTitle "playchess.com"]
[Source "ChessBase"]
[SourceQuality "1"]
[TimeControl "5400+30"]

1. d4 Nf6 2. Bf4 g6 3. Nc3 d5 4. h4 Bg7 5. Nf3 c5 6. e3 a6 7. dxc5 Qa5 8. Qd2 Qxc5 9. Ne5 b5 10. h5 gxh5 11. Rd1 Bb7 12. Be2 Nc6 13. Nd3 Qb6 14. Bxh5 Rd8 15. Bf3 e6 16. b4 a5 17. a3 axb4 18. axb4 Ng8 19. Rh5 Nge7 20. e4 Nd4 21. Kf1 Ng6 22. Bh6 Bxh6 23. Rxh6 Nxf3 24. gxf3 d4 25. Ne2 Qc7 26. Nc5 e5 27. Qg5 O-O 28. Ng3 Bc8 29. Nf5 f6 30. Rxg6+ hxg6 31. Qxg6+ Kh8 32. Ke2 Rf7 33. Rh1+ Rh7 34. Qxf6+ Kg8 35. Rg1+ 1-0

[Event "Turkish Cup 2024"]
[Site "Denizli"]
[Date "2024.08.05"]
[Round "10"]
[White "Eroglu, Berke"]
[Black "Zuberoglu, Ibrahim Berk"]
[Result "1/2-1/2"]
[ECO "B26"]
[WhiteElo "1873"]
[BlackElo "1870"]
[Annotator "NA RC"]
[PlyCount "109"]
[EventDate "2024.08.01"]
[EventType "swiss"]
[EventCountry "TUR"]
[SourceTitle "playchess.com"]
[Source "ChessBase"]
[SourceQuality "1"]
[TimeControl "5400+30"]

1. e4 c5 2. Nc3 d6 3. g3 g6 4. Bg2 Bg7 5. d3 Nc6 6. Be3 e5 7. Nh3 Nf6 8. O-O O-O 9. f3 Nd4 10. Qd2 Be6 11. Nd1 Qc8 12. Nhf2 d5 13. c3 Nb5 14. Bh6 c4 15. Bxg7 Kxg7 16. d4 exd4 17. e5 Ng8 18. cxd4 Ne7 19. a4 Nc7 20. Ne3 Nf5 21. Nfg4 Nxe3 22. Nxe3 f5 23. f4 a5 24. b3 cxb3 25. Rfc1 Qd7 26. Qc3 Na6 27. Qxb3 Nb4 28. Nc2 Rfc8 29. Bf1 b5 30. axb5 Qa7 31. b6 Qxb6 32. Qb2 Rab8 33. Nxb4 Rxc1 34. Rxc1 Qxb4 35. Rc7+ Kf8 36. Qa1 Qd2 37. Qa3+ Qb4 38. Rc3 Ke8 39. Qxb4 axb4 40. Rb3 Bd7 41. Rb2 Ba4 42. Bg2 Bc6 43. Kf2 Kd7 44. Ke3 Ke6 45. Kd2 Ba4 46. Bf1 Kd7 47. Ra2 Bb3 48. Ra5 Bc4 49. Bxc4 dxc4 50. d5 c3+ 51. Kc1 Kc7 52. Ra4 Rb5 53. d6+ Kc6 54. Ra7 Rb7 55. e6 1/2-1/2

[Event "Turkish Cup 2024"]
[Site "Denizli"]
[Date "2024.08.05"]
[Round "10"]
[White "Kilic, Cihan"]
[Black "Sezis, Doruk"]
[Result "1-0"]
[ECO "D00"]
[WhiteElo "1869"]
[BlackElo "1932"]
[Annotator "NA RC"]
[PlyCount "55"]
[EventDate "2024.08.01"]
[EventType "swiss"]
[EventCountry "TUR"]
[SourceTitle "playchess.com"]
[Source "ChessBase"]
[SourceQuality "1"]
[TimeControl "5400+30"]

1. d4 Nf6 2. Bg5 d5 3. e3 c5 4. Nd2 Nc6 5. Ngf3 Qb6 6. dxc5 Qxb2 7. c4 Nb4 8. Nd4 Bd7 9. a3 Na6 10. c6 bxc6 11. Rb1 Qc3 12. cxd5 c5 13. Bxa6 cxd4 14. Bb7 Rd8 15. O-O dxe3 16. Bxe3 e6 17. Bxa7 Nxd5 18. Ne4 Qa5 19. Qd4 f6 20. Rfe1 Kf7 21. Red1 Ba4 22. Bb6 Nxb6 23. Qxd8 Bxd1 24. Rxd1 Qa4 25. Rc1 Bxa3 26. Rc7+ Kg6 27. Qd3 Rg8 28. Nc5+ 1-0

[Event "Turkish Cup 2024"]
[Site "Denizli"]
[Date "2024.08.05"]
[Round "10"]
[White "Tatlioglu, Ege"]
[Black "Degirmenci, Yagiz"]
[Result "0-1"]
[ECO "C01"]
[WhiteElo "1852"]
[BlackElo "1871"]
[Annotator "NA RC"]
[PlyCount "88"]
[EventDate "2024.08.01"]
[EventType "swiss"]
[EventCountry "TUR"]
[SourceTitle "playchess.com"]
[Source "ChessBase"]
[SourceQuality "1"]
[TimeControl "5400+30"]

1. e4 a6 2. d4 e6 3. c4 d5 4. exd5 exd5 5. Nf3 Nf6 6. Be2 Be7 7. O-O dxc4 8. Bxc4 O-O 9. Nc3 b5 10. Bb3 Bb7 11. Bg5 Nbd7 12. Re1 c5 13. a3 Bxf3 14. Qxf3 cxd4 15. Nd5 Nxd5 16. Bxd5 Bxg5 17. Rad1 Rb8 18. Rxd4 Bf6 19. Rd2 Qc7 20. Qf5 g6 21. Qf3 Kg7 22. Red1 Rbd8 23. Qb3 Nb6 24. Rc2 Qe7 25. h4 Nxd5 26. Rxd5 Qe1+ 27. Kh2 Qe6 28. Rcd2 Rxd5 29. Qxd5 Qxd5 30. Rxd5 Bxb2 31. a4 bxa4 32. Ra5 a3 33. Rxa6 Re8 34. h5 gxh5 35. f4 Re2 36. Kh3 Bc1 37. f5 Rf2 38. g4 hxg4+ 39. Kxg4 Rf4+ 40. Kg3 Rxf5 41. Kg2 Rc5 42. Kg3 Rc2 43. Kg4 a2 44. Kf3 Bg5 0-1